 Dungeon Crawl Stone Soup version 0.32-a0-673-g3729bd50f8 (webtiles) character file.

Game seed: 3811732526580661785

60 djent the Ducker (level 3, -1/21 HPs)
             Began as a Deep Elf Gladiator on Mar 11, 2024.
             Killed from afar by an orc wizard (8 damage)
             ... with a magic dart
             ... on level 3 of the Dungeon.
             The game lasted 00:02:56 (880 turns).

djent the Ducker (Deep Elf Gladiator)                Turns: 880, Time: 00:02:56

Health: -1/21      AC:  4    Str: 11    XL:     3   Next: 82%
Magic:  5/5        EV: 13    Int: 12    God:
Gold:   86         SH:  0    Dex: 18    Spells: 2/2 levels left

rFire   . . .        a - +0 rapier
rCold   . . .        (no shield)
rNeg    . . .        b - +0 leather armour
rPois   .            c - +0 helmet
rElec   .            (no cloak)
rCorr   .            (no gloves)
SInv    .            (no boots)
Will    .....        (no amulet)
Stlth   +            (no ring)
HPRegen 0.23/turn    (no ring)
MPRegen 0.09/turn

%: no passive effects
@: confused
A: no striking features
a: no special abilities


You were on level 3 of the Dungeon.
You visited 1 branch of the dungeon, and saw 3 of its levels.

You collected 86 gold pieces.

Inventory:

Hand Weapons
 a - a +0 rapier (weapon)
Missiles
 d - 3 throwing nets (quivered)
 e - 3 javelins
Armour
 b - a +0 leather armour (worn)
 c - a +0 helmet (worn)
Scrolls
 f - 3 scrolls of identify {unknown}
 g - 3 scrolls of summoning {unknown}
 h - a scroll of immolation {unknown}
 i - a scroll of teleportation {unknown}


   Skills:
 + Level 2.1 Fighting
 * Level 4.0 Short Blades
 - Level 2.0 Throwing
 + Level 4.2 Dodging


You had 2 spell levels left.
You didn't know any spells.
Your spell library contained the following spells:

 Spells                   Type           Power      Damage    Failure   Level
 Necrotise                Necr           0%         1d4       41%         1
 Vampiric Draining        Necr           0%         2d6       78%         3
 Animate Dead             Necr           0%         N/A       99%         4
 Martyr's Knell           Necr/Summ      0%         N/A       99%         4
 Borgnjor's Vile Clutch   Necr/Erth      0%         N/A       100%        5
 Curse of Agony           Necr           0%         N/A       100%        5
 Death Channel            Necr           0%         N/A       100%        6


Dungeon Overview and Level Annotations

Branches:
Dungeon (3/15)

Altars:

Shops:
D:1 [   D:3 *


Message History

a +0 whip; a rat corpse You hit the orc.
The orc is heavily wounded.
The orc hits you but does no damage.
You hit the orc.
You kill the orc!
You hit the orc.
You kill the orc!
No target in view!
Items here: ))) †††.
You now have 86 gold pieces (gained 13).
There is an escape hatch in the ceiling here.
An orc wizard comes into view. It is wielding a +0 dagger.
The orc wizard shouts!
The orc wizard gestures at you while chanting.
You are confused.
You bump into the rock wall.
The orc wizard casts a spell at you. You resist with some effort.
You bump into the rock wall.
You feel less confused.
An orc comes into view. It is wielding a +0 dagger.
The orc wizard casts a spell at you. The puff of flame hits you!
Ouch! That really hurt!
The orc wizard gestures at you while chanting.
You are confused.
The orc shouts!
Non-targeted confused throw: 3 throwing nets
Press: ? - help, Q - select action, (/) - cycle Dir - look around, f - activate Look: an orc wizard, wielding a +0 dagger and wearing a +0 robe
Okay, then.
You miss the orc wizard. The orc wizard barely misses you.
You aren't carrying any potions.
The orc wizard attacks as it pursues you!
The orc wizard hits you with a +0 dagger.
* * * LOW HITPOINT WARNING * * *
The orc wizard casts a spell at you. The magic dart hits you!
You die...

#.# ..... ...
.....
#o###.##....)
#...............
#†#..####...
###o##...#...
#...o......#
#........>##
#...@....##
#........#
#..<.....#
##.#....##
#.#.##)#
#...#.##
#.###...<# #>
#.#### #. ...


You could see an orc wizard and an orc.

Vanquished Creatures
  A gnoll (D:1)
  An adder (D:2)
  A dart slug (D:1)
  3 orcs (D:3)
  A ball python (D:1)
  3 endoplasms
  2 giant cockroaches (D:1)
  A goblin (D:1)
  2 hobgoblins
  3 quokkas
  4 bats
  2 frilled lizards (D:1)
  5 kobolds
  6 rats
35 creatures vanquished.

Notes
Turn   | Place    | Note
-------+----------+-------------------------------------------
     0 | D:1      | djent the Deep Elf Gladiator began the quest for the Orb.
     0 | D:1      | Reached XP level 1. HP: 12/12 MP: 3/3
   156 | D:1      | Reached XP level 2. HP: 16/17 MP: 4/4
   350 | D:1      | Reached XP level 3. HP: 19/21 MP: 5/5
   485 | D:1      | Found Wygawal's Armour Boutique.
   732 | D:2      | HP: 1/21 [kobold/+1 dagger of electrocution (14)]
   761 | D:3      | Found Eczesm's General Store.
   880 | D:3      | Killed from afar by an orc wizard

Illustrated notes

Levels and vault maps discovered:
D:1:      minmay_arrival_nine_rooms, layout_rooms, serial_shops,
          nicolae_shop_peninsula
D:2:      layout_loops_cross, ebering_dispersal_statue_hall,
          minmay_close_crescents
D:3:      layout_basic, lemuel_coloured_pillars_altar, serial_shops, shop,
          shapermc_ecumenical_altar_mp_urbaneastern, minmay_goblin_kobold_house

Skill      XL: |  1  2  3 |
---------------+----------+-----
Dodging        | 4 |  4.2
Fighting       | 2 |  2.1
Short Blades   | 4 |  4.0
Throwing       | |  2.0

Action                     || total
---------------------------++-------
  Melee: Rapier            ||   111
  Throw: Throwing net      ||     1
   Stab: Sleeping          ||     1
 Armour: Leather armour    ||    61
  Dodge: Dodged            ||    78

Table legend: (Time is in decaauts)
 A = Elapsed time spent in this place.
 B = Non-inter-level travel time spent in this place.
 C = Inter-level travel time spent in this place.
 D = Time resting spent in this place.
 E = Time spent auto-exploring this place.
 F = Levels seen in this place.
 G = Mean time per level.
                   A        B        C        D        E       F      G
               +--------+--------+--------+--------+--------+-----+--------+
         Total |    881 |    843 |     38 |     80 |    474 |   3 |  293.7 |
       Dungeon |    881 |    843 |     38 |     80 |    474 |   3 |  293.7 |
               +--------+--------+--------+--------+--------+-----+--------+

Top non-repeatable levels by time:
     D:1: 560 daAuts
     D:2: 201 daAuts
     D:3: 118 daAuts
